 Dungeon Crawl Stone Soup version 0.26-a0-1139-g7d2dc893a1 (webtiles) character file.

Game seed: 15126659005768955093

313 night the Chucker (level 6, -1/59 HPs)
             Began as a Troll Hunter on Dec 21, 2020.
             Engulfed by a cloud of flame (28 damage)
             ... on level 3 of the Dungeon.
             The game lasted 00:06:37 (2587 turns).

night the Chucker (Troll Hunter)                    Turns: 2587, Time: 00:06:38

Health: -1/59      AC: 12    Str: 20 (21) XL:     6   Next: 19%
Magic:  5/5        EV:  9    Int:  9      God:
Gold:   153        SH:  0    Dex:  9 (10) Spells: 5/5 levels left

rFire    . . .     SeeInvis .     - Unarmed
rCold    . . .     Faith    .   (no shield)
rNeg     . . .     Spirit   .   l - +0 troll leather armour {Purgy}
rPois    .         Reflect  .   (helmet restricted)
rElec    .         Harm     .   (no cloak)
rCorr    .         Rampage  .   (gloves unavailable)
Will     .....                  (boots unavailable)
Stlth    +.........             (no amulet)
HPRegen  0.99/turn              f - +4 ring of protection (curse)
MPRegen  0.09/turn              (no ring)

@: no status effects
A: large, unfitting armour, claws 3, regeneration 1, shaggy fur 1, tough skin 3
a: no special abilities


You were on level 3 of the Dungeon.
You visited 1 branch of the dungeon, and saw 3 of its levels.
You also visited: Sewer.

You collected 153 gold pieces.

Inventory:

Missiles
 a - 153 stones
 c - 5 large rocks (quivered)
 d - 2 throwing nets
Armour
 h - a +1 animal skin
 l - a +0 troll leather armour (worn) {Purgy}
Jewellery
 f - a cursed +4 ring of protection (left claw)
Scrolls
 b - 3 scrolls of identify {unknown}
 g - a scroll of magic mapping {unknown}
 i - a scroll of enchant weapon {unknown}
 j - a scroll of fear {unknown}
 k - a scroll of remove curse
Potions
 e - a potion of heal wounds {unknown}
 m - a potion of berserk rage
 n - 2 potions of haste {unknown}


   Skills:
 + Level 2.9 Fighting
 + Level 4.6 Throwing
 - Level 1.5 Dodging
 - Level 0.3 Stealth
 * Level 4.3 Unarmed Combat


You had 5 spell levels left.
You didn't know any spells.
Your spell library was empty.

Dungeon Overview and Level Annotations

Branches:
Dungeon (3/15)              Sewer (visited)

Altars:


Innate Abilities, Weirdness & Mutations

You are too large for most types of armour.
You have claws for hands.
Your natural rate of healing is unusually fast.
You are covered in fur. (AC +1)
You have extremely tough skin. (AC +3)


Message History

The rat bites you but does no damage.
A rat is nearby!
You claw the rat!
You kill the rat!
No target in view!
A giant cockroach comes into view.
Found 2 blue potions.
Found a stone staircase leading down.
You claw the giant cockroach!
You kill the giant cockroach!
No target in view!
n - 2 blue potions A giant cockroach comes into view.
Really walk into a travel-excluded area?
You are engulfed in blazing flames.
You are engulfed in blazing flames.
Found a dagger.
You are engulfed in blazing flames.
The giant cockroach bites you.
You barely miss the giant cockroach.
You are engulfed in blazing flames.
You die...

#§§○# #☼§○#
######...######
#.§§§.....☼☼§.#
☼§§.....§§○ ○.....○ #.B.#
#☼@○# #§§○# #§§☼#
######### #...# ###
........ #..##
#.#####...... #.##
#>...........
.#####.#####.#####......
#........................
#########................


You could see a giant cockroach.

Vanquished Creatures
  Purgy (Sewer)
  Natasha (twice) (D:3)
  Robin (D:2)
  3 gnolls (D:2)
  2 adders
  An ooze (D:1)
  3 worms
  A dart slug (D:1)
  8 leopard geckos
  2 orcs (D:3)
  8 giant cockroaches
  12 goblins
  8 hobgoblins
  2 jackals (D:1)
  2 quokkas (D:3)
  11 bats
  4 frilled lizards
  6 kobolds
  8 rats
85 creatures vanquished.

Vanquished Creatures (others)
  A goblin (D:3)
1 creature vanquished.

Grand Total: 86 creatures vanquished

Notes
Turn   | Place    | Note
-------+----------+-------------------------------------------
     0 | D:1      | night the Troll Hunter began the quest for the Orb.
     0 | D:1      | Reached XP level 1. HP: 19/19 MP: 0/0
   224 | D:1      | Reached skill level 1 in Unarmed Combat
   224 | D:1      | Reached XP level 2. HP: 25/28 MP: 1/1
   661 | D:1      | Reached XP level 3. HP: 35/35 MP: 2/2
  1038 | D:2      | Reached skill level 2 in Fighting
  1038 | D:2      | Reached skill level 2 in Unarmed Combat
  1333 | D:2      | Noticed Robin
  1352 | D:2      | Killed Robin
  1353 | D:2      | Reached XP level 4. HP: 26/42 MP: 3/3
  2162 | D:3      | Reached XP level 5. HP: 50/50 MP: 4/4
  2256 | D:3      | Found a glowing drain.
  2276 | Sewer    | Entered a sewer
  2304 | Sewer    | Noticed Purgy
  2314 | Sewer    | Killed Purgy
  2456 | D:3      | Noticed Natasha
  2463 | D:3      | Killed Natasha
  2464 | D:3      | Reached XP level 6. HP: 52/59 MP: 5/5
  2505 | D:3      | Noticed Natasha
  2513 | D:3      | Killed Natasha
  2587 | D:3      | Engulfed by a cloud of flame

Illustrated notes

Levels and vault maps discovered:
D:1:      shiori_arrival_maze, layout_basic, minmay_tetromino_o4
D:2:      minmay_alternating_diamond, layout_loops_ring, uniq_robin
D:3:      layout_basic, portal_sewer_entry_f, chequers_ecumenical_altar_grove,
          hangedman_abyss_or_decor_stabs, minivault_14, lemuel_flame_loot_1,
          uniq_natasha

Skill      XL: |  1  2  3  4  5 |
---------------+----------------+-----
Unarmed Combat | 1 2 3 4 |  4.3
Fighting       | 2 |  2.9
Throwing       | 4 |  4.6
Dodging        | |  1.5
Stealth        | |  0.3

Action                   |  1- 3 |  4- 6 || total
-------------------------+-------+-------++-------
Melee: Unarmed           |   118 |   130 ||   248
       Punch             |       |     1 ||     1
  Use: Scroll            |     2 |     2 ||     4
       Potion            |       |     2 ||     2
 Stab: Sleeping          |     1 |     2 ||     3
Armor: Robe              |    64 |     1 ||    65
       Animal skin       |       |    37 ||    37
       Troll leather arm |       |     6 ||     6
Dodge: Dodged            |    95 |    59 ||   154

Table legend: (Time is in decaauts)
 A = Elapsed time spent in this place.
 B = Non-inter-level travel time spent in this place.
 C = Inter-level travel time spent in this place.
 D = Time resting spent in this place.
 E = Time spent auto-exploring this place.
 F = Levels seen in this place.
 G = Mean time per level.
                   A        B        C        D        E       F      G
               +--------+--------+--------+--------+--------+-----+--------+
         Total |   2586 |   2514 |     72 |     81 |   1795 |   4 |  646.5 |
       Dungeon |   2478 |   2406 |     72 |     81 |   1767 |   3 |  826.0 |
         Sewer |    107 |    107 |      0 |      0 |     28 |   1 |  107.0 |
               +--------+--------+--------+--------+--------+-----+--------+

Top non-repeatable levels by time:
     D:1: 1019 daAuts
     D:2: 902 daAuts
     D:3: 556 daAuts
   Sewer: 107 daAuts
